[Event "Torneo Nuevo Centro. Jornada 10"]
[Site "Chess.com"]
[Date "2020.08.21"]
[Round "5"]
[White "De Nacimiento Montano, Antonio"]
[Black "Mangues Rubia, Alex"]
[Result "1-0"]
[WhiteElo "1851"]
[BlackElo "1550"]
[TimeControl "180+2"]
[EndTime "11:24:50 PDT"]
[Termination "Victoria de Twitch_adn4815 por abandono"]

1. e4 c5 2. Nf3 Nc6 3. d4 cxd4 4. Nxd4 Nf6 5. Nc3 e5 6. Ndb5 d6 7. Bg5 a6 8. Na3 b5 9. Nd5 Be7 10. c3 Na5 11. Bxf6 Bxf6 12. Nc2 Be6 13. Nce3 Bxd5 14. Nxd5 Rc8 15. a4 Nc4 16. axb5 axb5 17. Qb3 Rc5 18.
Bxc4 bxc4 19. Qa4+ Qd7 20. Qxd7+ Kxd7 21. Ra7+ Ke6 22.
Nc7+ Rxc7 23. Rxc7 Rb8 24. Rxc4 Rxb2 25. O-O d5 26.
exd5+ Kxd5 27. Rc8 e4 28. g3 Rc2 29. Rd1+ Ke6 30. c4 Be5 31. c5 f5 32. c6 f4 33.
gxf4 Bxf4 34. Re8+ Kf7 35. Rxe4 Bb8 36. Rd7+ Kf6 37.
Ree7 Rxc6 38. Rxg7 h6 39. Rdf7+ Ke6 40. Rg6+ Kd5 41.
Rxc6 Kxc6 42. Rf6+ Kd5 43. Rxh6 Bf4 44. Rf6 Ke5 45.
Rxf4 Kxf4 46. Kg2 Kg4 47. f3+ Kh5 48. Kg3 Kg5 49. h4+ Kh5 50. f4 Kg6 51. Kg4 Kh6 52. f5 Kg7 53. Kg5 Kh7 54. f6 Kg8 55. Kg6 Kf8 56. f7 Ke7 57. Kg7 1

[Event "Torneo Nuevo Centro. Jornada 10"]
[Site "Chess.com"]
[Date "2020.08.21"]
[Round "5"]
[White "Cantero Navarro, Antonio"]
[Black "Kovacevic, Slobodan"]
[Result "0-1"]
[WhiteElo "1950"]
[BlackElo "2312"]
[TimeControl "180+2"]
[EndTime "11:24:54 PDT"]
[Termination "Victoria de nikko110 por jaque mate"]

1. e4 c5 2. Nf3 e6 3. b3 b6 4. Bb2 Bb7 5. Nc3 a6 6. Bd3 d6 7. O-O Nd7 8. Re1 Qc7 9. Ne2 Ngf6 10.
Ng3 Be7 11. c4 O-O 12. Bc2 Ne5 13. d4 cxd4 14. Bxd4 Rfd8 15. Rc1 Rac8 16. Bb1 Nfd7 17. Nd2 Bg5 18. Rf1 Ng6 19. Nh5 e5 20. Bb2 Nc5 21.
Bc3 Bxd2 22. Qxd2 Nxe4 23. Bxe4 Bxe4 24. f4 exf4 25. Qd1 Qc5+ 26. Bd4 Qg5 27. Rf2 b5 28. Nxg7 Ne5 29. Qe2 Bb7 30. Nh5 f3 31. Qe3 Qxh5 32. gxf3 Kh8 33. f4 Rg8+ 34. Kf1 f6 35. fxe5 fxe5 36.
Bb2 bxc4 37. bxc4 Rcf8 38. c5 Rxf2+ 39. Kxf2 Rf8+ 40. Ke1 Qh4+ 41. Kd2 Qxh2+ 42. Kd1 Rf1+ 43. Qe1 Bf3# 0

[Event "Torneo Nuevo Centro. Jornada 10"]
[Site "Chess.com"]
[Date "2020.08.21"]
[Round "5"]
[White "Yatseta Fernandez, Marc Kazymyr"]
[Black "Ledezma Fortes, Jose Manuel"]
[Result "0-1"]
[WhiteElo "1454"]
[BlackElo "1808"]
[TimeControl "180+2"]
[EndTime "11:24:54 PDT"]
[Termination "Victoria de josema54 por abandono"]

1. d4 c6 2. c4 g6 3. Nf3 Bg7 4. Bf4 Nf6 5. Nc3 d5 6. e3 O-O 7. Bd3 Bg4 8. cxd5 Nxd5 9. Bg3 Qa5 10. Qb3 Bxf3 11. gxf3 Nxc3 12. bxc3 Qb6 13. Qxb6 axb6 14. Kd2 Nd7 15. Bc4 e5 16. Kc2 exd4 17. cxd4 b5 18. Bb3 Nb6 19. Rhd1 Rac8 20. Rac1 Kh8 21. Kd2 f5 22. Be5 Bxe5 23. dxe5 Rcd8+ 24. Ke2 Rxd1 25. Rxd1 Kg7 26. e6 Re8 27. f4 Kf6 28. f3 Re7 29.
e4 fxe4 30. fxe4 c5 31. Bd5 c4 32. Ke3 Na4 33. e5+ Kf5 34. h3 g5 35. Be4+ Kxe6 36. Rd6+ Kf7 37. Bd5+ Kf8 38. Rd8+ Kg7 39. Rg8+ Kh6 40.
fxg5+ Kh5 41. Bf3+ Kh4 42. Kf4 Rf7+ 43. Ke4 Nc5+ 44. Ke3 Ne6 45. Bg4 Nxg5 46. e6 Re7 47. Kd2 Nxe6 48. Bxe6 Rxe6 49. Rb8 Re5 50. Rxb7 h5 51.
Kc3 Kxh3 52. a4 bxa4 53. Kxc4 Re4+ 54. Kd3 Rg4 55. Rb5 h4 56. Ra5 Kg2 0

[Event "Torneo Nuevo Centro. Jornada 10"]
[Site "Chess.com"]
[Date "2020.08.21"]
[Round "5"]
[White "Pedros Viudes, Santiago"]
[Black "Chernikov, Vladimir"]
[Result "0-1"]
[WhiteElo "1923"]
[BlackElo "2213"]
[TimeControl "180+2"]
[EndTime "11:25:03 PDT"]
[Termination "Victoria de isla88 por abandono"]

1. d4 Nf6 2. Nf3 c5 3. d5 b5 4. c4 bxc4 5. Nc3 g6 6. e4 d6 7. Bf4 Bg7 8. Be2 Nh5 9. Be3 O-O 10. Nd2 Nf6 11. O-O Nbd7 12. a4 Rb8 13. Qc2 Ba6 14.
Bxc4 Qb6 15. Bb5 Ne5 16. h3 e6 17. f4 Bxb5 18. axb5 Ned7 19. Nc4 Qc7 20. dxe6 fxe6 21.
Rfd1 d5 22. exd5 exd5 23. Nxd5 Nxd5 24. Rxd5 Rxb5 25. Rad1 Nf6 26. Rd6 Re8 27. Bf2 Ne4 28.
Rd7 Qxf4 29. Rxa7 Nxf2 30. Qxf2 Bd4 31. Rxd4 Qxf2+ 32. Kxf2 cxd4 33. Nd6 Rxb2+ 34. Kg3 Re3+ 35. Kf4 Rf2+ 36. Kg5 Re5+ 37. Kg4 d3 38. Ra8+ Rf8 39.
Ra3 Rd5 40. Ne4 d2 0

[Event "Torneo Nuevo Centro. Jornada 10"]
[Site "Chess.com"]
[Date "2020.08.21"]
[Round "5"]
[White "Fenollar Jorda, Manolo"]
[Black "Leal Uribe, Jhonny Alberto"]
[Result "1-0"]
[WhiteElo "2494"]
[BlackElo "2449"]
[TimeControl "180+2"]
[EndTime "11:25:31 PDT"]
[Termination "Victoria de Cucudrulu por abandono"]

1. d4 d5 2. Nf3 Nf6 3. e3 e6 4.
Bd3 Bd6 5. Nbd2 Nbd7 6. O-O O-O 7. Re1 e5 8. e4 dxe4 9. Nxe4 Nxe4 10. Bxe4 exd4 11. Qxd4 h6 12. b3 Qf6 13. Bb2 Qxd4 14. Bxd4 Nc5 15. Bd5 c6 16. Bc4 Rd8 17. Rad1 Bg4 18. h3 Bxf3 19. gxf3 Kf8 20. Be3 Be7 21. Kf1 b5 22. Be2 a5 23. f4 Ne4 24. Bf3 f5 25.
Bd4 Bb4 26. Bxe4 Bxe1 27. Bxc6 Rac8 28. Bc5+ Kf7 29. Rxd8 Rxd8 30. Kxe1 Rc8 31. Bd5+ Kg6 32. b4 axb4 33. Bxb4 Rxc2 34. Kf1 Kh5 35. Kg2 g5 36. Bf7+ Kh4 37. Be1 Rc1 38. Bd2 Rd1 39. Be3 g4 40.
hxg4 fxg4 41. Bb3 Re1 42. f5 g3 43. f6 1

[Event "Torneo Nuevo Centro. Jornada 10"]
[Site "Chess.com"]
[Date "2020.08.21"]
[Round "5"]
[White "Castellano López, Javier"]
[Black "Luque Saiz, Andrés"]
[Result "0-1"]
[WhiteElo "1899"]
[BlackElo "2046"]
[TimeControl "180+2"]
[EndTime "11:25:41 PDT"]
[Termination "Victoria de Chuch1n por abandono"]

1. d4 d5 2. c4 c6 3. Nf3 Nf6 4. Bg5 dxc4 5. a4 Bf5 6. e3 Ne4 7.
Bxc4 Qa5+ 8. Nbd2 Nxg5 9. Nxg5 e6 10. Nf3 Nd7 11. Qb3 Bb4 12. Rd1 Bg4 13. O-O Bxd2 14. Rxd2 Bxf3 15. gxf3 Qxd2 16. Qxb7 Rb8 17. Qxc6 Qb4 18.
Bb5 Qe7 19. Qc7 Rd8 20. Qxa7 O-O 21. Rc1 Qg5+ 22. Kf1 Qh5 23. Bxd7 Qxf3 24. Rc5 Qh1+ 25. Ke2 Qxh2 26. b4 Qd6 27. Bb5 Ra8 28. Qc7 Qxc7 29.
Rxc7 Rfc8 30. Rxc8+ Rxc8 31. Kd3 Kf8 32. a5 Ke7 33. a6 Kd6 34. Ba4 Kc7 35. b5 Kb6 36.
e4 Rc1 37. d5 exd5 38. exd5 Ra1 39. Bb3 Kxb5 40. Bc4+ Kc5 41. f4 Ra3+ 42. Ke4 Kxc4 43. d6 Rxa6 44. Ke5 Ra8 45. d7 Rd8 46. Kd6 Kd4 47. Ke7 Rxd7+ 48. Kxd7 Ke4 49. Ke7 Kxf4 50. Kxf7 g5 51. Kg7 h5 52. Kh7 h4 53. Kh6 h3 54.
Kh5 h2 55. Kg6 h1=Q 56. Kf6 g4 57. Ke6 g3 58. Kd6 g2 59. Kc5 g1=Q+ 60. Kc4 Qe4+ 0

[Event "Torneo Nuevo Centro. Jornada 10"]
[Site "Chess.com"]
[Date "2020.08.21"]
[Round "5"]
[White "Valverde Alcaide, Miguel Alejandro"]
[Black "Sanchis Bon, Sergi"]
[Result "1-0"]
[WhiteElo "895"]
[BlackElo "985"]
[TimeControl "180+2"]
[EndTime "11:25:41 PDT"]
[Termination "Victoria de mentafurterei por tiempo"]

1. d4 d5 2. Nf3 Nc6 3. Nc3 Nf6 4. Ne5 Nxe5 5. dxe5 d4 6. Na4 Ne4 7. Qd3 Bf5 8. Qf3 Bg6 9. h4 h5 10. g4 hxg4 11. Qxg4 e6 12. h5 Bf5 13. Qf3 b5 14. Qf4 bxa4 15. f3 Nc5 16. e3 dxe3 17. Qxe3 Nb7 18.
Bb5+ Ke7 19. Qa3+ c5 20. Ba6 Rb8 21. Bxb7 Rxb7 22. Qxc5+ Ke8 23. Qc6+ Rd7 24. h6 gxh6 25. Be3 Qa5+ 26. c3 Qd8 27. Bxa7 Be7 28. Bb6 Qc8 29. Qxc8+ Rd8 30. Bxd8 Bxd8 31. Qc6+ Ke7 32. Rd1 Ba5 33.
Qd7+ Kf8 34. Qc8+ Kg7 35. Qc6 Bd8 36. Qd7 Ba5 37. Qd4 Bc7 38. Qxa4 Bxe5 39. Qb5 Bf6 40. Qc5 Re8 41. Kf2 Rf8 42. Qe3 Bg5 43. Qd4+ f6 44.
Qd7+ 1

[Event "Torneo Nuevo Centro. Jornada 10"]
[Site "Chess.com"]
[Date "2020.08.21"]
[Round "5"]
[White "Hassomal Daswani, Birjkumar"]
[Black "Ainsa Jimenez, Lucas"]
[Result "1-0"]
[WhiteElo "1805"]
[BlackElo "1147"]
[TimeControl "180+2"]
[EndTime "11:25:42 PDT"]
[Termination "Victoria de daz000007 por jaque mate"]

1. e4 e5 2. Nf3 Nc6 3. Bc4 Bc5 4. c3 Nf6 5. d4 exd4 6. cxd4 Bb4+ 7. Nc3 Bxc3+ 8. bxc3 Nxe4 9. d5 Qe7 10. O-O Na5 11. Bd3 O-O 12. Qa4 Nc5 13. Qxa5 Nxd3 14. Ba3 Qf6 15. Bxf8 Kxf8 16. Qb5 Nf4 17. Qc5+ Kg8 18. Rfe1 g6 19. Re8+ Kg7 20. Qd4 Qxd4 21. Nxd4 b6 22.
c4 Bb7 23. Rxa8 Bxa8 24. Rd1 c5 25. dxc6 dxc6 26. g3 Nh5 27. f3 c5 28. Nb5 Bxf3 29.
Rd7 a6 30. Nd6 Bg4 31. Rxf7+ Kh6 32. Ra7 a5 33. Kf2 Nf6 34. Nc8 Bxc8 35. Rc7 Be6 36. Rc6 Bxc4 37. Rxf6 Bxa2 38. Rxb6 c4 39. Ra6 Kg5 40.
Rxa5+ Kg4 41. Rxa2 Kh3 42. Kg1 h5 43. Rc2 g5 44.
Rxc4 g4 45. Rc8 h4 46. gxh4 Kxh4 47. Kg2 Kg5 48. Kg3 Kf5 49. Rc4 Ke5 50. Rxg4 Kd5 51. h4 Ke5 52. h5 Kf6 53. h6 Kf7 54. Rg5 Kf6 55. Kg4 Ke7 56. Rg6 Kf7 57. Kg5 Ke7 58. h7 Kf7 59. Kf5 Ke7 60. Rg7+ Kd6 61. h8=Q Kd5 62. Qd8+ Kc4 63. Rc7+ Kb5 64. Qb8+ Ka6 65.
Ra7# 1

[Event "Torneo Nuevo Centro. Jornada 10"]
[Site "Chess.com"]
[Date "2020.08.21"]
[Round "5"]
[White "Garcia, Jhoel"]
[Black "Serarols Mabras, Bernat"]
[Result "0-1"]
[WhiteElo "2399"]
[BlackElo "2404"]
[TimeControl "180+2"]
[EndTime "11:25:45 PDT"]
[Termination "Victoria de bernatserarols por abandono"]

1. c4 e6 2. d4 d5 3. Nc3 Bb4 4. e3 Nf6 5. Bd3 O-O 6. a3 Bxc3+ 7. bxc3 c6 8. Nf3 b6 9. O-O Ba6 10. cxd5 Bxd3 11. Qxd3 cxd5 12. a4 Nc6 13. Ba3 Re8 14. c4 Rc8 15. c5 Na5 16. Ne5 Nd7 17. f4 bxc5 18. Bxc5 Nxc5 19. dxc5 Rxc5 20. f5 Qc7 21. Ng4 Rc4 22. fxe6 fxe6 23. h3 Nc6 24. Rf2 Ne5 25.
Nxe5 Qxe5 26. Raf1 Rc3 27. Qb5 Rcc8 28. Qd7 Qxe3 29.
Kh1 h6 30. Rf7 Qg5 31. Qxa7 Rcd8 32. Qc7 d4 33. R1f3 e5 34. R3f5 Qg6 35. Rf1 d3 36. R7f3 d2 37. Rd1 e4 38. Re3 Kh8 39. Qc2 Rd3 40. Re2 e3 41. Qc4 Qe4 42. Qb5 Re5 43. Qb8+ Kh7 44. a5 Rxa5 45. Qb1 Rg5 46. Qc2 Rd4 47. Qxe4+ Rxe4 48. Kh2 Rf5 49. g4 Rf2+ 50.
Rxf2 exf2 51. Kg2 Re1 52. Rxd2 f1=Q+ 0

[Event "Torneo Nuevo Centro. Jornada 10"]
[Site "Chess.com"]
[Date "2020.08.21"]
[Round "5"]
[White "Aguado, Pablo Luis"]
[Black "Nadal Fajardo, Ricard"]
[Result "1/2-1/2"]
[WhiteElo "1956"]
[BlackElo "2218"]
[TimeControl "180+2"]
[EndTime "11:25:54 PDT"]
[Termination "Partida en tablas por material insuficiente"]

1. d4 c6 2. c4 d5 3. Nc3 Nf6 4. e3 g6 5. Nf3 Bg7 6. Be2 O-O 7. O-O h6 8. b3 Bg4 9. Bb2 e6 10. Ne5 Bxe2 11. Qxe2 Nbd7 12. Nd3 Ne4 13. f3 Nxc3 14. Bxc3 dxc4 15. bxc4 c5 16. Qb2 cxd4 17. Bxd4 Bxd4 18. Qxd4 Qc7 19. Rfc1 Rfd8 20. Qh4 Kg7 21. Nf2 Nf6 22. Rc2 Qc5 23. Re1 g5 24. Qg3 Rd6 25. h4 Rad8 26. hxg5 Qxg5 27. Qxg5+ hxg5 28. Ree2 Rc6 29. Rc3 Rdc8 30. Rb2 b6 31. Rbc2 Nd5 32. Ra3 Rxc4 33. Rxc4 Rxc4 34. e4 Nf4 35. Rxa7 Rc2 36. Rb7 Rb2 37.
a4 Rb4 38. a5 bxa5 39. Rxb4 axb4 40. Nd1 b3 41. Nb2 Kf6 42. Kf2 e5 43. g3 Ne6 44.
Ke3 Nd4 45. f4 gxf4+ 46. gxf4 Nc2+ 47. Kf3 Ke6 48. fxe5 Kxe5 49. Nc4+ Kd4 50. Nb2 Kc3 51. Na4+ Kb4 52. Nb2 Nd4+ 53. Kf4 Kc3 54. Na4+ Kc2 55. Ke5 Nc6+ 56. Kf6 Nd8 57. Ke7 Nc6+ 58. Kxf7 Kd3 59.
Nc5+ Kd4 60. Nxb3+ Kxe4 1/2-1

[Event "Torneo Nuevo Centro. Jornada 10"]
[Site "Chess.com"]
[Date "2020.08.21"]
[Round "5"]
[White "Carbonell Bofill, Carlos Eloy"]
[Black "Birnoveanu, Petru"]
[Result "0-1"]
[WhiteElo "1907"]
[BlackElo "1725"]
[TimeControl "180+2"]
[EndTime "11:25:54 PDT"]
[Termination "Victoria de piculet por tiempo"]

1. d4 g6 2. e4 Bg7 3. h4 h5 4. c3 c5 5. dxc5 a5 6. Be3 Nf6 7. Nd2 Ng4 8. Nc4 Nxe3 9. Nxe3 Nc6 10. Nd5 d6 11. Nb6 Rb8 12. Nxc8 Rxc8 13. cxd6 Qxd6 14.
Qxd6 exd6 15. O-O-O Ke7 16. Nf3 a4 17. a3 Ne5 18. Nd4 Ng4 19. Rd2 Bh6 20. f3 Bxd2+ 21. Kxd2 Ne5 22. Bb5 Nc4+ 23. Kc1 Rhd8 24. Bxa4 d5 25.
Re1 dxe4 26. Rxe4+ Kf6 27. Nc6 bxc6 28. Rxc4 c5 29.
Bb3 Rc7 30. Rf4+ Kg7 31. Re4 Rd6 32. Bc4 f5 33. Re2 Kf6 34. a4 g5 35. hxg5+ Kxg5 36. a5 h4 37. a6 Kf6 38. Re8 Rg7 39. f4 Rdd7 40. Rf8+ Ke7 41. Rxf5 Rxg2 42. Rxc5 Kd6 43. Rd5+ Kc7 44. Rxd7+ Kxd7 45. a7 Rg1+ 46. Kc2 Ra1 0

[Event "Torneo Nuevo Centro. Jornada 10"]
[Site "Chess.com"]
[Date "2020.08.21"]
[Round "5"]
[White "Valmaña Cantó, Jaime"]
[Black "Macias Pino, Diego"]
[Result "0-1"]
[WhiteElo "2380"]
[BlackElo "2254"]
[TimeControl "180+2"]
[EndTime "11:26:04 PDT"]
[Termination "Victoria de adivinaquiensoy por tiempo"]

1. c4 g6 2. Nf3 Bg7 3. g3 d6 4. Bg2 Nd7 5. O-O f5 6. d4 Ngf6 7. Ng5 Nf8 8. Nc3 h6 9. Nh3 c6 10. d5 c5 11. e4 fxe4 12. Nf4 Bf5 13. Re1 N8d7 14. Ne6 Bxe6 15. dxe6 Ne5 16. Nxe4 Qc8 17. Qa4+ Nc6 18. Nxf6+ Bxf6 19. Be4 g5 20. Qd1 Kd8 21. Rb1 Be5 22. a3 Qxe6 23. b4 Qxc4 24. Bd5 Qd4 25. Qf3 Kc7 26. Bb2 Raf8 27. Bxd4 Rxf3 28. Bxe5 Nxe5 29.
Rxe5 dxe5 30. Bxf3 cxb4 31. Rxb4 b6 32. Rc4+ Kd7 33.
Bg4+ e6 34. Bf3 Rd8 35. Ra4 a5 36. Re4 Kd6 37. h4 Rc8 38. hxg5 hxg5 39. Rg4 Rc3 40.
Kg2 Rxa3 41. Rxg5 b5 42. Rg6 b4 43. Bg4 b3 44. Bxe6 Kc5 45. g4 a4 46. Bf5 Kd5 47.
Rg8 b2 48. Rd8+ Kc4 49. g5 Rb3 50. g6 Rb7 51. Ra8 Kb3 0

[Event "Torneo Nuevo Centro. Jornada 10"]
[Site "Chess.com"]
[Date "2020.08.21"]
[Round "5"]
[White "Miranda Calvo, Max Rodrigo"]
[Black "Ursariu, Nikolas Victor"]
[Result "0-1"]
[WhiteElo "1352"]
[BlackElo "1120"]
[TimeControl "180+2"]
[EndTime "11:26:20 PDT"]
[Termination "Victoria de NikolasVictor por abandono"]

1. e4 e5 2. Nf3 Nc6 3. Bc4 Bc5 4. c3 Nf6 5. d3 O-O 6. Bg5 h6 7. Bxf6 Qxf6 8. Nbd2 d6 9. h3 Be6 10. Bxe6 fxe6 11.
O-O Qg6 12. Qb3 Bb6 13. Nh4 Qf6 14. Ndf3 g5 15. Nf5 Kh8 16. Ng3 Qg6 17. Rfe1 g4 18. Nh4 Qg5 19. Qxe6 Qxh4 20. Nf5 Qf6 21. Qxf6+ Rxf6 22.
hxg4 Rg6 23. Kh2 Rxg4 24. Rh1 Bxf2 25. Raf1 Bg3+ 26. Nxg3 Rag8 27. Rf3 Ne7 28. Kg1 Rxg3 29. Rxh6+ Kg7 30. Rxg3+ Kxh6 31. Rxg8 Nxg8 32. Kf2 Nf6 33. Kg3 Kg5 34. Kf3 Ng4 35. g3 Nh2+ 36. Kg2 Ng4 37. b3 Ne3+ 38. Kf3 Nd1 39. c4 Nc3 40. Ke3 Nxa2 41.
b4 Nxb4 42. Kd2 Kg4 43. Kc3 Nc6 44. c5 dxc5 45. Kc4 Kxg3 46. Kxc5 Kf4 47. Kd5 a5 48.
Kc4 Ke3 49. Kc3 a4 50. Kc4 a3 51. Kb3 Kxd3 52. Kxa3 Kxe4 53. Kb3 Kd3 54. Kb2 Kd2 0

[Event "Torneo Nuevo Centro. Jornada 10"]
[Site "Chess.com"]
[Date "2020.08.21"]
[Round "5"]
[White "Gracia Calvo, Andrés"]
[Black "Donate Peris, Jose Manuel"]
[Result "1-0"]
[WhiteElo "1809"]
[BlackElo "1532"]
[TimeControl "180+2"]
[EndTime "11:26:22 PDT"]
[Termination "Victoria de andresjaque21 por tiempo"]

1. d4 Nf6 2. Nf3 d5 3. Bf4 e6 4. e3 c5 5. c3 Nc6 6. Nbd2 Bd7 7. Bd3 c4 8. Bc2 b5 9. h4 h6 10. e4 dxe4 11. Nxe4 Nd5 12. Bg3 Be7 13. Ne5 Nxe5 14. dxe5 Bc6 15. Qe2 O-O 16. Rd1 Qb6 17. O-O Rad8 18.
Qh5 f5 19. exf6 Nxf6 20. Nxf6+ Bxf6 21. Qg6 Rxd1 22. Rxd1 Be8 23. Qh7+ Kf7 24. Bg6+ Ke7 25. Bxe8 Kxe8 26. Bd6 Be7 27. Bxe7 Qxf2+ 28. Kh1 Kxe7 29. Qxg7+ Rf7 30. Qxh6 Rf6 31. Qg5 a6 32. h5 a5 33.
h6 Qf5 34. Qxf5 exf5 35. Rd5 Rxh6+ 36. Kg1 b4 37. Rxa5 bxc3 38. bxc3 Rd6 39. Rxf5 Rd3 40. Rf3 Rd2 41. Kh2 Rxa2 42. Rf4 Ra4 43. g4 Ke6 44. Kg3 Ke5 45. Rd4 Ra1 46. Rxc4 Rg1+ 47. Kf3 Rf1+ 48. Ke2 Rg1 49. Ke3 Kd5 50. Rf4 Ke5 51. Ra4 Rg3+ 52. Kd2 Kd5 53. Ra5+ Kc4 54. Ra4+ Kd5 55. Rd4+ Ke5 56.
Ra4 1

[Event "Torneo Nuevo Centro. Jornada 10"]
[Site "Chess.com"]
[Date "2020.08.21"]
[Round "5"]
[White "Pardo Ruiz, Carlos"]
[Black "Salvador Buiza, Victor"]
[Result "0-1"]
[WhiteElo "1684"]
[BlackElo "1886"]
[TimeControl "180+2"]
[EndTime "11:26:26 PDT"]
[Termination "Victoria de TERROROSCURO666 por jaque mate"]

1. e4 e6 2. d4 d5 3. exd5 exd5 4. Nf3 Bg4 5. h3 Bxf3 6. Qxf3 Nf6 7. Be2 Be7 8. O-O O-O 9. c3 Nbd7 10. Bf4 c6 11.
Re1 Re8 12. Nd2 Nb6 13. Bf1 Bd6 14. Qg3 Bxf4 15. Qxf4 Na4 16. Rxe8+ Qxe8 17. Rb1 Ne4 18. Nxe4 Qxe4 19. Qxe4 dxe4 20. Be2 Re8 21. Kf1 f5 22. Bd1 Nb6 23. Bb3+ Kf8 24. Ke2 f4 25. Rf1 Ke7 26. g3 f3+ 27. Ke3 Kf6 28. Kf4 a5 29. a3 g5+ 30. Ke3 h5 31. Rg1 Nc8 32. g4 h4 33.
Bc2 Nd6 34. b3 a4 35. Re1 axb3 36. Bxb3 Nb5 37. c4 Nc7 38. d5 cxd5 39. cxd5 Ke5 40. Rd1 Nb5 41. a4 Nd6 42. Rd4 Rc8 43. Rb4 Rc3+ 44.
Kd2 Rd3+ 45. Ke1 Rc3 46. Rb6 Rc1+ 47. Kd2 Rh1 48. a5 Rxh3 49. a6 bxa6 50. Rxa6 Rh1 51. Ba4 Rb1 52. Bc6 Rb2+ 53. Kc3 Rxf2 54. Ra8 h3 55.
Rh8 h2 56. Bd7 Rg2 57. Bc6 f2 58. Ba8 f1=Q 59. Kb4 Qb1+ 60. Kc5 Rc2# 0

[Event "Torneo Nuevo Centro. Jornada 10"]
[Site "Chess.com"]
[Date "2020.08.21"]
[Round "5"]
[White "Ortiz Benavent, Alba"]
[Black "Roca Cruz, Rafael"]
[Result "0-1"]
[WhiteElo "1207"]
[BlackElo "1820"]
[TimeControl "180+2"]
[EndTime "11:26:35 PDT"]
[Termination "Victoria de RafaRocaCruz por abandono"]

1. d4 b5 2. Nf3 Bb7 3. Bf4 e6 4. e3 a6 5. c3 Nf6 6. Bd3 Be7 7. Nbd2 d6 8. Bg3 O-O 9. O-O Nh5 10. Re1 Nd7 11.
e4 Nxg3 12. hxg3 c5 13. Qb1 g6 14. a3 Rc8 15. Bc2 Nf6 16. e5 Ng4 17. Re2 Qc7 18. exd6 Bxd6 19. Be4 Nf6 20. Bxb7 Qxb7 21.
Ne4 Nxe4 22. Qxe4 Qxe4 23. Rxe4 Rfd8 24. Kf1 Bf8 25. Ke1 Bg7 26. Rd1 h6 27. dxc5 Rxd1+ 28. Kxd1 Rxc5 29. Ke2 Rd5 30. Nd4 Kf8 31. Ke1 Ke7 32.
Nc6+ Kd6 33. Nd4 Bxd4 34. Rxd4 Rxd4 35. cxd4 Kd5 36. Kd2 Kxd4 37. f3 e5 38. g4 f5 39.
gxf5 gxf5 40. g3 h5 41. Ke2 a5 42. Kd2 b4 43. a4 Kc4 44. Kc2 e4 45. b3+ Kd4 46. f4 e3 47. Kd1 Kd3 48. Ke1 e2 49. Kf2 Kd2 50. Kf3 e1=Q 51. g4 Qe2+ 52. Kg3 Qxg4+ 53. Kh2 Qxf4+ 54. Kh1 Qh6 55. Kh2 f4 56. Kh1 f3 0

[Event "Torneo Nuevo Centro. Jornada 10"]
[Site "Chess.com"]
[Date "2020.08.21"]
[Round "5"]
[White "Gil López, Alejandro"]
[Black "Bosch Jordà, Ricard"]
[Result "1-0"]
[WhiteElo "2215"]
[BlackElo "1938"]
[TimeControl "180+2"]
[EndTime "11:26:49 PDT"]
[Termination "Victoria de AglVal0313 por tiempo"]

1. e4 c5 2. Nf3 Nc6 3. c3 Nf6 4. e5 Nd5 5. d4 cxd4 6. cxd4 d6 7. Bc4 dxe5 8. dxe5 Nb6 9. Qxd8+ Nxd8 10. Bb5+ Bd7 11. Bxd7+ Nxd7 12. Nc3 g6 13. O-O Bg7 14. Re1 O-O 15. Bg5 Re8 16. Nd5 Ne6 17. Bxe7 Rac8 18.
Bf6 Nxf6 19. exf6 Bf8 20. Ne5 Rc2 21. Rab1 Bc5 22. Rf1 Nd4 23. Nd3 Ne2+ 24. Kh1 Rd8 25.
Nxc5 Rxd5 26. Nxb7 Rc7 27. Rfd1 Nd4 28. Na5 Rxa5 29.
Rxd4 h5 30. a3 Rf5 31. f3 Rxf6 32. h3 Rc2 33. Rd7 Re6 34. b4 Ree2 35. Rg1 a6 36. Rd6 a5 37. bxa5 Ra2 38. a6 Rxa3 39. Rb1 Raa2 40.
Rg1 Re8 41. Rgd1 Ra8 42. Rd8+ Rxd8 43. Rxd8+ Kg7 44. Ra8 Kf6 45. Kh2 Kg5 46. Kg3 h4+ 47.
Kh2 f6 48. a7 Kf4 49. Rf8 Rxa7 50. Rxf6+ Kg5 51. Rb6 Ra2 52. Rb5+ Kh6 53. Rb4 g5 54. Rb6+ Kh5 55. Rf6 Rb2 56. Rf5 Kg6 57. Rc5 Re2 58.
Rc4 Rd2 59. Rg4 1

[Event "Torneo Nuevo Centro. Jornada 10"]
[Site "Chess.com"]
[Date "2020.08.21"]
[Round "5"]
[White "Orts Tomás, Marc"]
[Black "Sampedro Roig, Josep Francesc"]
[Result "0-1"]
[WhiteElo "1853"]
[BlackElo "1833"]
[TimeControl "180+2"]
[EndTime "11:27:22 PDT"]
[Termination "Victoria de Abrekurios por abandono"]

1. c4 Nf6 2. Nf3 g6 3. g3 Bg7 4. Bg2 O-O 5. O-O d6 6. Nc3 c6 7.
Rb1 a5 8. a3 Nbd7 9. b4 axb4 10. axb4 e5 11. d3 Re8 12. b5 Qc7 13. Qb3 e4 14.
Nxe4 Nxe4 15. dxe4 Nc5 16. Qc2 Nxe4 17. Bb2 Ra2 18.
Qb3 Rxb2 19. Rxb2 Bxb2 20. Qxb2 Qe7 21. Nd4 Bd7 22. Ra1 Qe5 23. bxc6 bxc6 24. Ra7 Nc5 25.
Qd2 Rb8 26. h4 Rb6 27. Kh2 Kg7 28. Bf3 Bc8 29. Rc7 Ba6 30. Nxc6 Qb2 31. Qxb2+ Rxb2 32. Na5 Ra2 33. Nc6 Bxc4 34. Re7 Ne6 35. Kg2 Bxe2 36. Bd5 Bg4 37. Bxe6 Bxe6 38. Nd4 Kf6 39. Rb7 Ra4 40. Nxe6 Kxe6 41. Rb6 Ra2 42. Kf3 Ra3+ 43. Ke2 Ra2+ 44.
Kf1 Ra5 45. Ke2 Rd5 46. Ke3 Rd1 47. Rb7 h5 48. Rb6 Ke5 49. Ke2 Rd4 50. Rb7 f6 51. Rg7 Kf5 52. Rb7 Rd5 53. Ke3 Re5+ 54. Kf3 d5 55.
Rd7 Ke6 56. Ra7 d4 57. Ra6+ Kd5 58. Ra8 Re6 59. Rd8+ Rd6 60. Ra8 Ke5 61. Ke2 d3+ 62.
Kd2 Ke4 63. Ra4+ Kf5 64. Rf4+ Ke5 65. Rc4 Rd5 66. Rc3 g5 67. hxg5 fxg5 68. Rc4 Kf5 69. Rb4 Ke5 70. Rc4 Rd4 71. Rc5+ Kf6 72. Rc3 h4 73.
gxh4 gxh4 74. Rc8 Kg5 75. Rg8+ Kf4 76. Rh8 Kf3 77. Rxh4 Rxh4 0

[Event "Torneo Nuevo Centro. Jornada 10"]
[Site "Chess.com"]
[Date "2020.08.21"]
[Round "5"]
[White "Marques Montolio, Luis"]
[Black "Cebolla Ruiz, David"]
[Result "1/2-1/2"]
[WhiteElo "1437"]
[BlackElo "1544"]
[TimeControl "180+2"]
[EndTime "11:28:51 PDT"]
[Termination "Tablas por repeticiÃ³n"]

1. e4 c6 2. d4 d5 3. Nc3 Nf6 4. exd5 cxd5 5. Nb1 Bf5 6. Bd3 Bxd3 7. Qxd3 e6 8. Nf3 Nbd7 9. O-O Be7 10. Re1 O-O 11. Nbd2 Rc8 12. c3 Nb6 13. Nf1 Nc4 14. b3 Nd6 15.
Ne5 Nd7 16. Ng3 Nxe5 17. dxe5 Ne8 18. Nh5 Bg5 19. Qg3 Bxc1 20. Raxc1 g6 21. Re3 Ng7 22.
Nf6+ Kh8 23. Qg5 Nh5 24. Rh3 Nxf6 25. exf6 h5 26. Rf3 Kh7 27. g4 Rg8 28. Rh3 Rg7 29.
gxh5 Kg8 30. Kh1 Rc5 31. h6 Rh7 32. c4 b6 33. Qf4 dxc4 34. bxc4 Qc7 35. Qxc7 Rxc7 36.
Kg2 b5 37. c5 Rc6 38. f4 Kf8 39. Kf3 Ke8 40. Ke4 Kd7 41. Kd4 Kc7 42. Rb1 a6 43.
a3 Kd7 44. Re1 Kc7 45. Re5 a5 46. Kc3 Kb7 47. Kb3 Ka6 48. Kb2 b4 49. axb4 axb4 50.
Kb3 Kb5 51. Re4 Rxc5 52. Rxb4+ Kc6 53. Ra4 Rb5+ 54. Kc4 Rb7 55. Kd4 Kd6 56. Ra6+ Kd7 57. Ke4 Rb4+ 58. Kf3 Rb7 59. Ke4 Rb4+ 60. Kf3 Rb3+ 61.
Kg4 Rxh3 62. Kxh3 Rxh6+ 63. Kg3 Rh7 64. Ra7+ Kc6 65. Ra6+ Kb5 66. Ra7 Kc5 67. Ra5+ Kc4 68. Ra7 Kd5 69. Rd7+ Ke4 70. Re7 Kf5 71. Rd7 Kxf6 72.
Rd4 e5 73. fxe5+ Kxe5 74. Rf4 f5 75. h4 Rh5 76. Rf3 Rh6 77. Re3+ Kd4 78. Re6 Kd5 79. Re3 Kd4 80. Re8 Rh7 81. Rd8+ Ke5 82. Re8+ Kf6 83. Rf8+ Ke5 84. Rg8 Rh6 85. Re8+ Kf6 86.
Rf8+ Ke7 87. Ra8 Kf6 88. Ra6+ Ke5 89. Ra5+ Ke4 90. Ra4+ Kd3 91. Ra3+ Kc4 92. Ra6 Kb5 93. Rf6 Kc5 94. Re6 Kd5 95. Re8 Rh7 96. Rg8 Rh6 97. Re8 Rh5 98. Rg8 Rh6 99. Re8 1/2-1

[Event "Torneo Nuevo Centro. Jornada 10"]
[Site "Chess.com"]
[Date "2020.08.21"]
[Round "6"]
[White "Romera Navia, Alberto"]
[Black "Perrot, Fabien "]
[Result "1-0"]
[WhiteElo "1788"]
[BlackElo "1112"]
[TimeControl "180+2"]
[EndTime "11:30:43 PDT"]
[Termination "Victoria de ARomera por abandono"]

1. e4 e5 2. Bc4 Nf6 3. Nf3 d6 4. Ng5 Be6 5. Bxe6 fxe6 6. Nxe6 Qd7 7. Nxf8 Kxf8 8. d3 Kf7 9. h3 Rf8 10. g4 Ng8 11. Bg5 h6 12. Bh4 g6 13. Qf3+ Kg7 14. Qe3 g5 15. Bg3 Qxg4 16. hxg4 1

[Event "Torneo Nuevo Centro. Jornada 10"]
[Site "Chess.com"]
[Date "2020.08.21"]
[Round "6"]
[White "Ainsa Jimenez, Lucas"]
[Black "Fitzpatrick Dimas, Kevin"]
[Result "1-0"]
[WhiteElo "1151"]
[BlackElo "857"]
[TimeControl "180+2"]
[EndTime "11:32:08 PDT"]
[Termination "Victoria de ainsaluck por abandono"]

1. e4 e5 2. Bc4 Nf6 3. Nf3 Bc5 4. Nc3 Nc6 5. Ng5 O-O 6. d3 Ng4 7. Qxg4 d6 8. Qf3 Nd4 9. Qh5 h6 10. Nxf7 Rxf7 11. Qxf7+ Kh7 12. O-O Be6 13. Bxe6 Nxe6 14. Qxe6 1